 Dungeon Crawl Stone Soup version 0.23-a0-635-g88ca12a (webtiles) character file.

129 Gorice the Slasher (level 4, -1/48 HPs)
             Began as a Demonspawn Wanderer on Dec 27, 2018.
             Killed from afar by an orc wizard (7 damage)
             ... with a puff of flame
             ... on level 3 of the Dungeon.
             The game lasted 00:07:24 (2798 turns).

Gorice the Slasher (Demonspawn Wanderer)            Turns: 2798, Time: 00:07:26

Health: -1/48      AC: 22    Str: 17    XL:     4   Next: 88%
Magic:  5/5        EV:  2    Int: 14    God:
Gold:   192        SH:  0    Dex: 13    Spells: 3/3 levels left

rFire    . . .     SeeInvis .   a - +0 falchion
rCold    . . .     Gourm    +   (no shield)
rNeg     + + +     Faith    .   (armour currently unavailable)
rPois    +         Spirit   .   (helmet currently unavailable)
rElec    .         Reflect  .   (cloak currently unavailable)
rCorr    .         Harm     .   (gloves currently unavailable)
MR       .....     NoTele   +   (boots currently unavailable)
Stlth    +.........             h - amulet of the gourmand
HPRegen  0.16/turn              Z - +5 ring of strength
MPRegen  0.09/turn              (no ring)

@: tree-form, drained
A: no striking features
a: no special abilities


You were on level 3 of the Dungeon.
You were completely stuffed.
You were a tree.
You visited 1 branch of the dungeon, and saw 3 of its levels.

You collected 192 gold pieces.

Inventory:

Hand Weapons
 a - a +0 falchion (weapon)
 k - a +0 war axe
 B - a +0 blowgun
Missiles
 j - 45 sling bullets
 Y - 22 stones (quivered)
Armour
 d - a +0 robe
 i - a +0 ring mail (melded)
 r - a +0 cloak (melded)
Jewellery
 g - an uncursed amulet of harm
 h - an amulet of the gourmand (around neck)
 q - an uncursed amulet of magic regeneration
 Z - a +5 ring of strength (left branch)
Wands
 b - a wand of flame (14)
 u - a wand of digging (6)
Scrolls
 e - 2 scrolls of remove curse {unknown}
 l - a scroll of immolation {unknown}
 m - a scroll of identify {unknown}
 n - a scroll of enchant weapon {unknown}
 o - a scroll of teleportation {unknown}
Potions
 c - a potion of lignification {!q}
 t - a potion of haste {unknown}
Comestibles
 f - 7 rations
 s - 8 chunks of flesh


   Skills:
 - Level 1.0(0.3) Fighting
 * Level 5.8(5.1) Long Blades
   Level 1.7(1.1) Crossbows
 + Level 2.1(1.4) Armour
 - Level 2.0(1.3) Evocations


You had 3 spell levels left.
You didn't know any spells.
Your spell library was empty.

Dungeon Overview and Level Annotations

Branches:
Dungeon (3/15)

Altars:
Dithmenos
Fedhas
Gozag
Nemelex Xobeh
Ru


Innate Abilities, Weirdness & Mutations

((You have large cloven feet.))


Message History

You hit the orc wizard but do no damage.
You kick the orc wizard, but do no damage.
The orc barely misses you.
The orc wizard gestures wildly while chanting.
The orc wizard flickers and vanishes!
Deactivating autopickup; reactivate with Ctrl-A.
The orc closely misses you. x2; You riposte.
You hit the orc. Your kick misses the orc.
The orc is heavily wounded.
Your ring mail prevents you from hitting something.
You kick something. Something hits you.
* * * LOW HITPOINT WARNING * * *
The orc hits you but does no damage. The orc completely misses you.
Damage: 3 (max 5)
You hit something. Your kick misses something. Something hits you.
* * * LOW HITPOINT WARNING * * *
The orc barely misses you. The orc hits you but does no damage.
Damage: 3 (max 5) Unknown command.
You hit something but do no damage. You kick something.
Something hits you but does no damage. The orc hits you with a +0 dagger.
* * * LOW HITPOINT WARNING * * *
The orc barely misses you. Something hits you but does no damage.
Damage: 2 (max 5)
You closely miss something. You kick something.
The orc hits you with a +0 dagger.
* * * LOW HITPOINT WARNING * * *
The orc hits you with a +0 short sword.
* * * LOW HITPOINT WARNING * * *
Something hits you.
* * * LOW HITPOINT WARNING * * *
Damage: 7 (max 7) Unknown command.
Unknown command.
Really quaff
c - 2 potions of lignification {!q}?
You turn into a tree.
Your +0 cloak melds into your body.
Your +0 ring mail melds into your body.
Your roots penetrate the ground.
The orc hits you but does no damage. x2; Something hits you but does no damage.
Unknown command.
It was a potion of curing.
You feel better.
The orc hits you but does no damage. x2; Something hits you but does no damage.
Evoke which item? (* to show all) (? for menu, Esc to quit)
Aiming: Throw Flame
Press: ? - help, Shift-Dir - straight line The puff of flame hits something.
The orc hits you but does no damage. The orc barely misses you.
You hear some strange, mumbled words.
A puff of flame appears from out of thin air!
The puff of flame hits you!
You die...

# #................ #
#.............#.#.# ..
###.............#.#o#..#
'...............#.#.#..##..
##..............#.#.#......
##.....)..........oo.......
##..................o.....
#..#########.o###.##.....######
#### ##{♣o.)............. #
#####.............. #
#..#.........##### #
###.#(......#.##### #
##.................. # #
#######..............##### #.
#...##.#'###..#......<....
#.####...##........#....>......
###[...#...##.)......#.##...###.#


You could see 2 orcs.

Vanquished Creatures
  Crazy Yiuf (D:3)
  An adder (D:2)
  An ooze (D:2)
  4 worms
  2 dart slugs (D:2)
  2 leopard geckos
  3 orcs
  A ball python (D:2)
  5 bats
  5 giant cockroaches
  6 goblins
  5 hobgoblins
  4 jackals (D:3)
  11 kobolds
  A quokka (D:2)
  6 frilled lizards
  6 rats
64 creatures vanquished.

Notes
Turn   | Place    | Note
-------+----------+-------------------------------------------
     0 | D:1      | Gorice the Demonspawn Wanderer began the quest for the Orb.
     0 | D:1      | Gorice set off with the following items: a wand of flame
                  | (15), a +0 falchion, a potion of lignification {!q}, a +0
                  | robe, a ration
     0 | D:1      | Reached XP level 1. HP: 15/15 MP: 2/2
   294 | D:1      | Gained mutation: You have large cloven feet. [demonic
                  | ancestry]
   294 | D:1      | Reached XP level 2. HP: 16/21 MP: 3/3
   705 | D:2      | Reached skill level 5 in Long Blades
   748 | D:2      | Found a shadowy altar of Dithmenos.
   885 | D:2      | Reached skill level 1 in Armour
  1048 | D:2      | Reached XP level 3. HP: 26/26 MP: 4/4
  1208 | D:2      | Found a sacrificial altar of Ru.
  1456 | D:2      | Found a faded altar of an unknown god.
  1610 | D:2      | Found an opulent altar of Gozag.
  1610 | D:2      | Found a sparkling altar of Nemelex Xobeh.
  1951 | D:3      | Reached XP level 4. HP: 32/32 MP: 5/5
  2134 | D:3      | Found a runed door.
  2138 | D:3      | Noticed Crazy Yiuf
  2149 | D:3      | HP: 8/32 [Crazy Yiuf/+4 quarterstaff of chaos (3)]
  2151 | D:3      | Killed Crazy Yiuf
  2155 | D:3      | HP: 6/32 [poisoned by Crazy Yiuf]
  2163 | D:3      | HP: 5/32 [poisoned by Crazy Yiuf]
  2475 | D:3      | Found a blossoming altar of Fedhas.
  2493 | D:3      | Reached skill level 2 in Armour
  2794 | D:3      | HP: 8/32 [orc/+0 dagger (2)]
  2795 | D:3      | HP: 1/32 [something (4)]
  2798 | D:3      | Killed from afar by an orc wizard

Vault maps used:
D:1:      lightli_arrival_chessboard, serial_bayou, serial_bayou_pond_a,
          serial_bayou_pond_d, serial_bayou_ford_a, serial_bayou_lagoon_a,
          chequers_serial_rivers_room_b
D:2:      grunt_temple_overflow_opulence, grunt_dithmenos_smoke_and_mirrors,
          first_ration, chequers_ecumenical_altar_grove, grunt_ministairs_3,
          nicolae_ru_awakened_eye
D:3:      overflow_temple_1_default, marbit_many_paths, uniq_crazy_yiuf_cottage

Skill      XL: |  1  2  3  4 |
---------------+-------------+-----
Long Blades    | 5 |  5.8
Armour         | 1 2 |  2.1
Fighting       | |  1.0
Crossbows      | |  1.7
Evocations     | |  2.0

Action                   |  1- 3 |  4- 6 || total
-------------------------+-------+-------++-------
Melee: Falchion          |   103 |    83 ||   186
       Kick              |    21 |    28 ||    49
Evoke: Wand              |       |     1 ||     1
  Use: Potion            |     1 |     2 ||     3
  Eat: Chunk             |    22 |     4 ||    26
Armor: Ring mail         |    40 |    42 ||    82
       Robe              |     2 |       ||     2
       Skin              |       |     5 ||     5
Dodge: Dodged            |    53 |    57 ||   110
       Rpst.: Falchion   |    15 |    16 ||    31

Table legend:
 A = Non-vault XP
 B = Vault XP
 C = Vault XP percentage of total XP
 D = Non-vault monster count
 E = Vault monster count
 F = Vault count percentage of total count
                 A         B        C        D         E       F
            +---------+---------+-------+---------+---------+-------
      Total |     127 |      58 |  31.4 |      61 |       3 |   4.7
            +---------+---------+-------+---------+---------+-------
        D:1 |      19 |       0 |   0.0 |      10 |       0 |   0.0
        D:2 |      59 |      18 |  23.4 |      27 |       2 |   6.9
        D:3 |      49 |      40 |  44.9 |      24 |       1 |   4.0
            +---------+---------+-------+---------+---------+-------

Table legend:
 A = Turns spent in this place as a percentage of turns spent in the entire game.
 B = Non-inter-level travel turns spent in this place as a percentage of non-inter-level travel turns spent in the entire game.
 C = Inter-level travel turns spent in this place as a percentage of turns spent in this place.
 D = Turns resting spent in this place as a percentage of non-inter-level travel turns spent in this place.
 E = Turns spent auto-exploring this place as a percentage of non-inter-level travel turns spent in this place.
 F = Non-inter-level travel turns spent in this place divided by the number of levels of this place that you've seen.
                   A       B       C       D       E      F
               +-------+-------+-------+-------+-------+----------------------
         Total | 100.0 | 100.0 |   1.6 |  22.3 |  52.6 | 917.7
       Dungeon | 100.0 | 100.0 |   1.6 |  22.3 |  52.6 | 917.7
               +-------+-------+-------+-------+-------+----------------------

Vault maps used:
D:1:      lightli_arrival_chessboard, serial_bayou, serial_bayou_pond_a,
          serial_bayou_pond_d, serial_bayou_ford_a, serial_bayou_lagoon_a,
          chequers_serial_rivers_room_b
D:2:      grunt_temple_overflow_opulence, grunt_dithmenos_smoke_and_mirrors,
          first_ration, chequers_ecumenical_altar_grove, grunt_ministairs_3,
          nicolae_ru_awakened_eye
D:3:      overflow_temple_1_default, marbit_many_paths, uniq_crazy_yiuf_cottage
